 Dungeon Crawl Stone Soup version 0.26.1-11-gd32895ea62 (webtiles) character file.

Game seed: 993809925258289780

247 seveneves the Skirmisher (level 5, -3/48 HPs)
             Began as a Minotaur Fighter on July 19, 2021.
             Was an Initiate of Okawaru.
             Killed by divine providence
             ... invoked by an orc priest
              (12 damage)
             ... on level 4 of the Dungeon.
             The game lasted 00:09:17 (2449 turns).

seveneves the Skirmisher (Minotaur Fighter)         Turns: 2449, Time: 00:09:18

Health: -3/48      AC: 13    Str: 21    XL:     5   Next: 85%
Magic:  4/4        EV:  2    Int:  5    God:    Okawaru [......]
Gold:   110        SH: 14    Dex: 10    Spells: 4/4 levels left

rFire    . . .     SeeInvis .   c - +1 mace (protect)
rCold    . . .     Faith    .   l - +0 tower shield
rNeg     . . .     Spirit   .   e - +1 plate armour
rPois    .         Reflect  .   (helmet restricted)
rElec    .         Harm     .   (no cloak)
rCorr    .         Rampage  .   (no gloves)
Will     .....                  (no boots)
Stlth    ..........             (no amulet)
HPRegen  0.16/turn              (no ring)
MPRegen  0.09/turn              (no ring)

@: no status effects
A: retaliatory headbutt, horns 2
a: Renounce Religion


You were on level 4 of the Dungeon.
You worshipped Okawaru.
Okawaru was noncommittal.
You visited 1 branch of the dungeon, and saw 4 of its levels.

You collected 110 gold pieces.

Inventory:

Hand Weapons
 c - a +1 mace of protection (weapon)
 f - a +0 long sword
Armour
 e - a +1 plate armour (worn)
 l - a +0 tower shield (worn)
Scrolls
 b - a scroll of enchant armour
 g - 3 scrolls of identify
 h - 2 scrolls of fear {unknown}
 j - a scroll of enchant weapon {unknown}
Potions
 a - a potion of curing
 d - 2 potions of might
 i - a potion of haste {unknown}
 k - a potion of heal wounds {unknown}


   Skills:
 + Level 5.3 Fighting
 + Level 3.4 Long Blades
 + Level 2.8 Maces & Flails
 + Level 4.5 Armour
 + Level 0.1 Dodging
 + Level 4.8 Shields


You had 4 spell levels left.
You didn't know any spells.
Your spell library was empty.

Dungeon Overview and Level Annotations

Branches:
Dungeon (4/15)
 Temple: D:4-7

Altars:
Cheibriados
Elyvilon
Hepliaklqana
Okawaru
Trog
Uskayaw


Innate Abilities, Weirdness & Mutations

You reflexively headbutt those who attack you in melee.
You have a pair of horns on your head.


Message History

You block something's attack. Something hits you but does no damage.
You barely miss something.
Something hits you but does no damage. x2
You block the orc's attack. Something hits you but does no damage.
You barely miss something. Your headbutt misses something.
Something hits you but does no damage. x2; You block the orc's attack.
Something hits you but does no damage. Something hits you.
* * * LOW HITPOINT WARNING * * *
You miss something. Something hits you.
* * * LOW HITPOINT WARNING * * *
You block the orc's attack.
Something hits you but does no damage. x2
The orc hits you but does no damage.
You closely miss something.
You hear some strange, mumbled words.
A magic dart appears from out of thin air!
The magic dart hits you.
* * * LOW HITPOINT WARNING * * *
You block something's attack.
The orc priest invokes the aid of Beogh against you.
Beogh smites you!
You die...

.. ... .... ...# ..
... ...!#o###
.....o{@#
....#.#{#.# . #
#.#.# #.#.# #.#.# .
#.#.# ... #.#.#
.....#.#.#########
..................#


You could see an orc priest and an orc.

Vanquished Creatures
  A scorpion (D:4)
  A worker ant (D:4)
  An iguana (D:3)
  7 adders
  3 worms
  6 leopard geckos
  6 giant cockroaches
  10 goblins
  4 hobgoblins
  3 jackals (D:3)
  8 kobolds
  3 quokkas
  5 bats
  6 frilled lizards
  8 rats
72 creatures vanquished.

Notes
Turn   | Place    | Note
-------+----------+-------------------------------------------
     0 | D:1      | seveneves the Minotaur Fighter began the quest for the Orb.
     0 | D:1      | Reached XP level 1. HP: 19/19 MP: 0/0
   195 | D:1      | Reached XP level 2. HP: 24/27 MP: 1/1
   329 | D:1      | Reached skill level 4 in Fighting
   742 | D:2      | Reached XP level 3. HP: 24/33 MP: 2/2
  1099 | D:2      | Reached XP level 4. HP: 41/41 MP: 3/3
  1610 | D:3      | Reached skill level 1 in Maces & Flails
  1938 | D:3      | Reached XP level 5. HP: 47/47 MP: 4/4
  1986 | D:3      | Found a hide-covered altar of Uskayaw.
  1999 | D:3      | Found an iron altar of Okawaru.
  2000 | D:3      | Found a snail-covered altar of Cheibriados.
  2031 | D:3      | Became a worshipper of Warmaster Okawaru
  2102 | D:3      | Found a faded altar of an unknown god.
  2122 | D:3      | Found a hazy altar of Hepliaklqana.
  2122 | D:3      | Found a white marble altar of Elyvilon.
  2258 | D:3      | Found a bloodstained altar of Trog.
  2429 | D:4      | Reached skill level 5 in Fighting
  2449 | D:4      | Killed from afar by an orc priest

Illustrated notes

Levels and vault maps discovered:
D:1:      minmay_arrival_open_corners, layout_basic, minmay_door_square,
          grunt_decor_fettered
D:2:      layout_loops_corners
D:3:      wad_lake_hut, layout_rooms, overflow_temple_1_default,
          grunt_temple_overflow_open, gammafunk_temple_overflow_pools,
          chequers_ecumenical_altar_simple
D:4:      layout_basic, serial_shops, shop, uniq_menkaure

Skill      XL: |  1  2  3  4  5 |
---------------+----------------+-----
Shields        | 4 |  4.8
Fighting       | 4 5 |  5.3
Armour         | 4 |  4.5
Long Blades    | 3 |  3.4
Maces & Flails | 1 2 |  2.8
Dodging        | |  0.1

Action                   |  1- 3 |  4- 6 || total
-------------------------+-------+-------++-------
Melee: Long sword        |    80 |       ||    80
       Headbutt          |    13 |    25 ||    38
       Mace              |    13 |   147 ||   160
  Use: Scroll            |     2 |       ||     2
       Potion            |       |     1 ||     1
Armor: Scale mail        |    23 |       ||    23
       Plate armour      |    30 |   159 ||   189
Dodge: Dodged            |    16 |    28 ||    44
Block: Kite shield       |    21 |       ||    21
       Tower shield      |    44 |   174 ||   218
       Rpst.: Long sword |     2 |       ||     2
